 Dungeon Crawl Stone Soup version 0.29-a0-284-gf9362112df (webtiles) character file.

Game seed: 10544524154507723569

2734 holysushi the Slicer (level 9, -4/53 HPs)
             Began as a Demonspawn Hedge Wizard on Mar 19, 2022.
             Was a Plaything of Xom.
             Slain by a sun demon (24 damage)
             ... summoned by Xom
             ... on level 6 of the Dungeon.
             The game lasted 00:11:16 (7995 turns).

holysushi the Slicer (Demonspawn Hedge Wizard)      Turns: 7995, Time: 00:11:16

Health: -4/53      AC:  8    Str: 11    XL:     9   Next: 40%
Magic:  13/13      EV: 13    Int: 15    God:    Xom [......]
Gold:   385        SH:  0    Dex: 15    Spells: 11/14 levels left

rFire   . . .      SeeInvis .   e - +1 dagger (elec)
rCold   . . .      Faith    .   (no shield)
rNeg    . . .      Spirit   .   E - +0 troll leather armour
rPois   .          Reflect  .   (helmet restricted)
rElec   .          Harm     .   C - +0 cloak
rCorr   .          Rampage  .   r - +0 pair of gloves
Will    .....                   y - +0 pair of boots
Stlth   ++........              (no amulet)
HPRegen 0.97/turn               (no ring)
MPRegen 0.26/turn               (no ring)

@: no status effects
A: antennae 2, rugged brown scales 3, magic regeneration, talons 1, clumsy 1,
deformed body, frail 2, passive freeze, wild magic 1, sturdy frame 1
a: Renounce Religion


You were on level 6 of the Dungeon.
You worshipped Xom.
You were a very special plaything of Xom.
You visited 1 branch of the dungeon, and saw 6 of its levels.

You collected 385 gold pieces.

Inventory:

Hand Weapons
 a - a +0 dagger
 e - a +1 dagger of electrocution (weapon)
 x - the +6 war axe "Anorok" {elec, rC- rN++}
   (You found it on level 4 of the Dungeon)

   It occasionally discharges a powerful burst of electricity upon striking a
   foe.
   rC:        It makes you vulnerable to cold.
   rN:        It greatly protects you from negative energy.
Missiles
 u - 2 throwing nets
Armour
 b - a +0 robe
 c - a +0 hat
 p - a scarf of harm
 r - a +0 pair of gloves (worn)
 y - a +0 pair of boots (worn)
 C - a +0 cloak (worn)
 E - a +0 troll leather armour (worn)
Jewellery
 k - a ring of ice
 w - a ring of willpower
Wands
 F - a wand of iceblast (14)
Scrolls
 g - a scroll of amnesia {unknown}
 h - 6 scrolls of identify {unknown}
 m - 2 scrolls of immolation {unknown}
 n - 2 scrolls of summoning {unknown}
 s - 2 scrolls of holy word {unknown}
 t - 2 scrolls of enchant weapon {unknown}
 v - a scroll of magic mapping {unknown}
 z - 4 scrolls of fear {unknown}
 A - 2 scrolls of teleportation {unknown}
 D - a scroll of enchant armour {unknown}
Potions
 d - 2 potions of magic
 f - 3 potions of curing {unknown}
 i - 2 potions of flight {unknown}
 j - a potion of might {unknown}
 l - a potion of mutation {unknown}
 o - a potion of haste {unknown}
 q - 2 potions of ambrosia {unknown}
 B - a potion of heal wounds {unknown}


   Skills:
 + Level 2.3 Fighting
 - Level 11.0 Short Blades
 + Level 2.9 Dodging
 - Level 1.7 Stealth
 - Level 3.1 Spellcasting
 - Level 1.3 Conjurations
 - Level 1.0 Summonings
 - Level 2.0 Translocations


You had 11 spell levels left.
You knew the following spells:

 Your Spells              Type           Power      Damage    Failure   Level
a - Magic Dart            Conj           32%        1d4       17%         1
b - Blink                 Tloc           20%        N/A       21%         2

Your spell library contained the following spells:

 Spells                   Type           Power      Damage    Failure   Level
 Beastly Appendage        Tmut           6%         N/A       30%         1
 Slow                     Hex            12%        N/A       30%         1
 Call Imp                 Summ           6%         N/A       30%         2
 Passwall                 Tmut/Erth      2%         N/A       41%         2
 Wereblood                Tmut           3%         N/A       41%         2
 Conjure Flame            Conj/Fire      5%         6-21      52%         3
 Mephitic Cloud           Conj/Pois/Air  4%         N/A       56%         3
 Spider Form              Tmut/Pois      3%         N/A       63%         3
 Manifold Assault         Tloc           10%        N/A       97%         5
 Blade Hands              Tmut           1%         N/A       100%        5


Dungeon Overview and Level Annotations

Branches:
Dungeon (6/15)             Temple (0/1) D:4

Altars:
Uskayaw
Wu Jian
Xom


Innate Abilities, Weirdness & Mutations

You have a pair of antennae on your head.
You are completely covered in rugged brown scales. (AC +3, +7% HP)
You regenerate magic rapidly.
You have sharp toenails.
You are clumsy. (Dex -2)
Armour fits poorly on your strangely shaped body.
You are very frail. (-20% HP)
A frigid envelope surrounds you and freezes all who hurt you.
Your spells are a little harder to cast, but a little more powerful.
Your movements are slightly less encumbered by armour. (ER -2)


Message History

You swing at nothing.
You swing at nothing.
You swing at nothing.
Things that are here:
a +0 giant club; an ogre corpse A howler monkey comes into view.
The howler monkey howls!
A howler monkey is nearby!
A howler monkey is nearby!
A howler monkey is nearby!
Found a twisted fluorescent wand.
The howler monkey completely misses you.
The howler monkey hoots and howls with incredible vigour!
You hit the howler monkey.
Lightning courses through the howler monkey!!
You kill the howler monkey!
No target in view!
No target in view!
F - a wand of iceblast (14)
Found 23 stones.
Hit: e) +1 dagger (elec)
Press: ? - help, Dir - move target, f - you
Okay, then.
Okay, then.
You see here 23 stones. "Fight to survive, mortal."
A sun demon is nearby!
A sun demon is nearby!
A sun demon is nearby!
A sun demon is nearby!
The sun demon attacks as you move away!
The sun demon hits you but does no damage.
The sun demon is frozen!
The sun demon is very cold.
The sun demon is lightly wounded.
The sun demon hits you!!
You are engulfed in flames!
The sun demon is frozen!
The sun demon is very cold.
The sun demon is moderately wounded.
Okay, then.
The sun demon attacks as you move away! The sun demon hits you!!
You die...

############ ######
#....3@....# .....#
#.########## .....#
#.#<...# ###♣♣♣♣♣
.....#
#.#.##.####..P.♣.♣♣♣###
######
#.#..#.##....PP.♣..♣#..
#
#.#..#.##......♣♣♣♣.)..
# #.#..#.##.....♣♣
♣♣#.. #
#########.#..#.##..##♣♣
### #
#..................#


You could see a sun demon (summoned).

Vanquished Creatures
  Pikel (D:6)
  A queen bee (D:6)
  Sigmund (D:6)
  Eustachio (D:6)
  4 black bears
  A sky beast (D:6)
  2 ogres (D:6)
  A centaur (D:5)
  4 phantoms
  2 scorpions
  3 howler monkeys
  A jelly (D:6)
  2 hounds (D:5)
  Crazy Yiuf (D:6)
  An orc priest (D:4)
  An iguana (D:4)
  An orc wizard (D:4)
  6 gnolls
  6 adders
  An ufetubus (D:5)
  A worm (D:2)
  3 dart slugs
  22 orcs
  4 ball pythons
  5 bats
  9 endoplasms
  A giant cockroach (D:3)
  7 goblins
  13 hobgoblins
  3 jackals (D:4)
  4 quokkas
  A frilled lizard (D:2)
  6 kobolds
  4 rats
124 creatures vanquished.

Vanquished Creatures (collateral kills)
  2 lemures (D:6)
  A gnoll sergeant (D:6)
  2 gnolls (D:6)
5 creatures vanquished.

Vanquished Creatures (others)
  5 plants (D:1)
5 creatures vanquished.

Grand Total: 134 creatures vanquished

Notes
Turn   | Place    | Note
-------+----------+-------------------------------------------
     0 | D:1      | holysushi the Demonspawn Hedge Wizard began the quest for
                  | the Orb.
     0 | D:1      | Reached XP level 1. HP: 13/13 MP: 4/4
   251 | D:1      | Gained mutation: You are partially covered in rugged brown
                  | scales. (AC +1, +3% HP) [demonic ancestry]
   251 | D:1      | Reached XP level 2. HP: 6/20 MP: 6/6
  1036 | D:1      | Reached skill level 1 in Short Blades
  1288 | D:1      | Learned a level 2 spell: Blink
  1749 | D:2      | Gained mutation: You are mostly covered in rugged brown
                  | scales. (AC +2, +5% HP) [demonic ancestry]
  1749 | D:2      | Reached XP level 3. HP: 20/26 MP: 7/7
  1968 | D:2      | Found a hide-covered altar of Uskayaw.
  2501 | D:2      | Found a faded altar of an unknown god.
  2531 | D:2      | Prayed at the altar of an unknown god.
  2531 | D:2      | Became a worshipper of Xom of Chaos
  2538 | D:2      | XOM: silly message
  2581 | D:3      | XOM: noise
  2599 | D:3      | Reached skill level 2 in Short Blades
  2813 | D:3      | Gained mutation: You have a pair of small antennae on your
                  | head. [demonic ancestry]
  2813 | D:3      | Reached XP level 4. HP: 21/32 MP: 8/8
  2829 | D:3      | Reached skill level 3 in Short Blades
  2861 | D:3      | XOM: divination: detect items
  2909 | D:3      | XOM: silly message
  3356 | D:3      | XOM: silly message
  3448 | D:3      | XOM: noise
  3589 | D:4      | Identified the +6 war axe "Anorok" {elec, rC- rN++}
  3620 | D:4      | Found a staircase to the Ecumenical Temple.
  3730 | D:4      | Noticed a phantom
  3731 | D:4      | XOM: enchant monster (bad)
  3745 | D:4      | XOM: enchant monster (good)
  3746 | D:4      | Killed a phantom
  3747 | D:4      | Reached skill level 4 in Short Blades
  3747 | D:4      | Gained mutation: You regenerate magic rapidly. [demonic
                  | ancestry]
  3747 | D:4      | Reached XP level 5. HP: 27/37 MP: 9/9
  3861 | D:4      | XOM: noise
  4016 | D:4      | Reached skill level 1 in Translocations
  4021 | D:4      | XOM: give mutations
  4021 | D:4      | Gained mutation: You are frail. (-10% HP) [Xom's mischief]
  4021 | D:4      | Gained mutation: You are clumsy. (Dex -2) [Xom's mischief]
  4025 | D:4      | XOM: butterfly on damage
  4314 | D:4      | XOM: smoke on damage
  4345 | D:4      | XOM: smoke on damage
  4349 | D:4      | Reached XP level 6. HP: 15/39 MP: 10/10
  4576 | D:4      | Reached skill level 5 in Short Blades
  4611 | D:4      | XOM: stat loss: -1 Int (14/15)
  4699 | D:4      | XOM: give mutations
  4699 | D:4      | Gained mutation: You have sharp toenails. [Xom's grace]
  4699 | D:4      | Gained mutation: Your spells are a little harder to cast,
                  | but a little more powerful. [Xom's grace]
  4699 | D:4      | Gained mutation: A frigid envelope surrounds you and
                  | freezes all who hurt you. [Xom's grace]
  4699 | D:4      | Gained mutation: Your movements are slightly less
                  | encumbered by armour. (ER -2) [Xom's grace]
  4768 | D:4      | XOM: scenery: create altars
  5032 | D:5      | Entered Level 5 of the Dungeon
  5222 | D:5      | XOM: potion effect (haste)
  5229 | D:5      | XOM: silly message
  5241 | D:5      | Reached skill level 6 in Short Blades
  5241 | D:5      | Gained mutation: You have a pair of antennae on your head.
                  | [demonic ancestry]
  5241 | D:5      | Reached XP level 7. HP: 38/44 MP: 11/11
  5303 | D:5      | XOM: silly message
  5468 | D:5      | Reached skill level 7 in Short Blades
  5764 | D:5      | XOM: potion effect (haste)
  5940 | D:5      | XOM: silly message
  6018 | D:5      | Found an ornate altar of the Wu Jian Council.
  6150 | D:6      | Reached skill level 8 in Short Blades
  6150 | D:6      | Reached XP level 8. HP: 50/50 MP: 12/12
  6176 | D:6      | Noticed Sigmund
  6188 | D:6      | Killed Sigmund
  6227 | D:6      | XOM: swap monsters
  6404 | D:6      | Found a runed translucent door.
  6405 | D:6      | Noticed Crazy Yiuf
  6443 | D:6      | Killed Crazy Yiuf
  6509 | D:6      | Noticed Eustachio
  6511 | D:6      | XOM: cleaving
  6513 | D:6      | XOM: god gift: Xom's Catalogue of the Firefly {god gift}
  6514 | D:6      | Got Xom's Catalogue of the Firefly {god gift}
  6520 | D:6      | XOM: scenery: create altars
  6525 | D:6      | Killed Eustachio
  6526 | D:6      | Reached skill level 9 in Short Blades
  6637 | D:6      | XOM is BORED!
  6637 | D:6      | XOM: noise
  6676 | D:6      | Noticed a troll
  6677 | D:6      | Noticed a queen bee
  6677 | D:6      | a troll changed into a queen bee
  6677 | D:6      | XOM: polymorph troll -> queen bee
  6695 | D:6      | Killed a queen bee
  6957 | D:6      | XOM: summons friendly shadow imp
  6967 | D:6      | Reached skill level 10 in Short Blades
  6969 | D:6      | Noticed Pikel
  6978 | D:6      | Killed Pikel
  6979 | D:6      | Gained mutation: You are completely covered in rugged brown
                  | scales. (AC +3, +7% HP) [demonic ancestry]
  6979 | D:6      | Reached XP level 9. HP: 16/56 MP: 13/13
  7414 | D:6      | XOM: god gift: 33 gold pieces
  7509 | D:6      | XOM: draining
  7519 | D:6      | Reached skill level 11 in Short Blades
  7637 | D:6      | Reached skill level 1 in Fighting
  7769 | D:6      | XOM: give mutations
  7769 | D:6      | Gained mutation: Armour fits poorly on your strangely
                  | shaped body. [Xom's mischief]
  7769 | D:6      | Gained mutation: You are very frail. (-20% HP) [Xom's
                  | mischief]
  7843 | D:6      | XOM: butterfly on damage
  7984 | D:6      | XOM: summons 1 hostile demon
  7985 | D:6      | Noticed a sun demon
  7995 | D:6      | Slain by a sun demon

Illustrated notes

Levels and vault maps discovered:
D:1:      matt_arrival_spirals, layout_loops_corners, st_stairs_1,
          grunt_decor_fettered, serial_bayou_lagoon_a, minmay_door_square
D:2:      layout_rooms, basic_altar, chequers_ecumenical_altar_lobes,
          hangedman_decor_clover_reticule
D:3:      layout_basic, item_on_display_a
D:4:      layout_basic, minmay_temple_entry_slanted, st_stairs_5
D:5:      layout_loops_cross, nzn_wu_jian_council_hall
D:6:      layout_basic, uniq_pikel, uniq_eustachio, uniq_sigmund,
          uniq_crazy_yiuf_cottage

Skill      XL: |  1  2  3  4  5  6  7  8  9 |
---------------+----------------------------+-----
Dodging        | 2 |  2.9
Short Blades   | 1 2 4 6 8 10 11 | 11.0
Translocations | 1 2 |  2.0
Fighting       | 2 |  2.3
Stealth        | |  1.7
Spellcasting   | |  3.1
Conjurations   | |  1.3
Summonings     | |  1.0

Action                   |  1- 3 |  4- 6 |  7- 9 || total
-------------------------+-------+-------+-------++-------
Melee: Dagger            |   117 |   172 |   153 ||   442
       Kick              |       |     4 |       ||     4
 Cast: Magic Dart        |     2 |       |     1 ||     3
       Blink             |       |       |     1 ||     1
 Stab: Sleeping          |     4 |     1 |     2 ||     7
       Paralysed         |       |     1 |       ||     1
Armor: Robe              |    15 |    41 |    22 ||    78
       Troll leather arm |       |       |     1 ||     1
Dodge: Dodged            |    52 |   103 |    57 ||   212

Table legend: (Time is in decaauts)
 A = Elapsed time spent in this place.
 B = Non-inter-level travel time spent in this place.
 C = Inter-level travel time spent in this place.
 D = Time resting spent in this place.
 E = Time spent auto-exploring this place.
 F = Levels seen in this place.
 G = Mean time per level.
                   A        B        C        D        E       F      G
               +--------+--------+--------+--------+--------+-----+--------+
         Total |   7855 |   7558 |    297 |   2812 |   3431 |   6 | 1309.2 |
       Dungeon |   7855 |   7558 |    297 |   2812 |   3431 |   6 | 1309.2 |
               +--------+--------+--------+--------+--------+-----+--------+

Top non-repeatable levels by time:
     D:1: 1736 daAuts
     D:6: 1515 daAuts
     D:4: 1460 daAuts
     D:5: 1336 daAuts
     D:3: 952 daAuts
     D:2: 855 daAuts
